cohdb
Replays
Latest Replays
All Replays
Popular Replays
Top Player Replays
Match Explorer
How It Works
Community
CoH3 Stats
Reddit
Sign in to upload your games and track your stats! →
Sign in with Steam
Match 39823921
Unlisted
Match 39823921
Overview
Messages
Build Orders
End
Construct Barracks
Selects Advanced Infantry Battlegroup
1⁄4-ton 4x4 Truck
Riflemen Squad
M1 Mortar Team
Riflemen Squad
Infantry Support Center
Selects Convert to Ranger Squad
Convert to Ranger Squad
Riflemen Squad
Selects Frontline Medical Station
Frontline Medical Station
Convert to Ranger Squad
Advanced Logistics
Survival Training
Ranger Squad
Selects Ranger Weapon Training
Construct Tank Depot
M18 Hellcat Tank Destroyer
Engineer Squad
Construct Weapon Support Center
Construct Weapon Support Center
DOGGI
J_Shizlet
Cincinnati Zookeeper
Kochiya Sanae
Kanade
Starfucker
CantCNC
Skibidi Rizzler
0
0
Comments
sign in to comment!
No comments posted yet!